[Event "Titled Tuesday Blitz March 29 Late 2022"]
[White "Yanchenko, Roman"]
[Black "Aggelis, Nikolaos"]
[WhiteFideId "4137329"]
[BlackFideId "4213220"]
[WhiteElo "2514"]
[BlackElo "2154"]
[Result "1-0"]
[Round "04"]
[TimeControl "180+1"]
[Date "2022.03.30"]
[WhiteClock "0:01:43"]
[BlackClock "0:00:42"]

1. d4 d5 2. c4 dxc4 3. Nc3 a6 4. Bf4 e6 5. e3 Nf6 6. Bxc4 Bd6 7. Bxd6 cxd6 8. Nf3 d5 9. Bd3 O-O 10. Rc1 b5 11. Ne5 Nfd7 12. f4 Qh4+ 13. g3 Qe7 14. Qh5 g6 15. Qh6 f6 16. Nf3 Qg7 17. Qxg7+ Kxg7 18. a4 b4 19. Na2 a5 20. Kd2 Ba6 21. Rc7 Rc8 22. Rhc1 Rxc7 23. Rxc7 Kf8 24. Nc1 Ke7 25. Nb3 Kd6 26. Rc1 Bxd3 27. Kxd3 Nb6 28. Nc5 N8d7 29. b3 e5 30. fxe5+ fxe5 31. Nb7+ Ke7 32. Nxe5 Nxe5+ 33. dxe5 Ra7 34. Rc7+ Nd7 35. Kd4 Ke6 36. Nd8+ 1-0


[Site "https://www.chess.com"]

[Event "Titled Tuesday Blitz March 29 Late 2022"]
[White "Zivkovic, Nemanja"]
[Black "Terletsky, Oleg"]
[WhiteFideId "942154"]
[BlackFideId "14116774"]
[WhiteElo "2388"]
[BlackElo "2064"]
[Result "1-0"]
[Round "04"]
[TimeControl "180+1"]
[Date "2022.03.30"]
[WhiteClock "0:00:59"]
[BlackClock "0:00:02"]

1. e4 e5 2. Nf3 Nc6 3. Bb5 a6 4. Ba4 Nf6 5. d3 b5 6. Bb3 Be7 7. c3 d6 8. O-O O-O 9. a4 Bb7 10. Re1 Na5 11. Bc2 c5 12. Nbd2 Re8 13. Nf1 Bf8 14. Ng3 d5 15. Bg5 d4 16. axb5 axb5 17. cxd4 cxd4 18. Bd2 Nc6 19. Bb3 h6 20. Rxa8 Qxa8 21. Nh4 Bc8 22. Ngf5 Be6 23. Bxe6 fxe6 24. Ng3 Qa2 25. Qf3 Bb4 26. Bxb4 Nxb4 27. Nh5 Rf8 28. Ng6 Nxh5 29. Qxf8+ Kh7 30. Nxe5 Qxb2 31. Qf7 Nf6 32. Qxe6 Qd2 33. Qf5+ Kg8 34. Ra1 Kf8 35. Qe6 1-0


[Site "https://www.chess.com"]

[Event "Titled Tuesday Blitz March 29 Late 2022"]
[White "Adewumi, Tanitoluwa"]
[Black "Gracia Alvarez, Gerardo Antonio"]
[WhiteFideId "30966396"]
[BlackFideId "5109124"]
[WhiteElo "2568"]
[BlackElo "2139"]
[Result "1-0"]
[Round "05"]
[TimeControl "180+1"]
[Date "2022.03.30"]
[WhiteClock "0:00:01"]
[BlackClock "0:00:01"]

1. e4 c5 2. Nf3 Nc6 3. Nc3 g6 4. d4 cxd4 5. Nxd4 Bg7 6. Be3 Nf6 7. Bc4 O-O 8. Bb3 d6 9. f3 Nxd4 10. Bxd4 Be6 11. Qd2 Qa5 12. O-O-O Rfc8 13. Kb1 b5 14. Rhe1 b4 15. Nd5 Bxd5 16. exd5 Rc7 17. a4 Rac8 18. g4 Qa6 19. h4 Qb7 20. h5 a5 21. hxg6 hxg6 22. Re2 Rc5 23. Rh2 Qc7 24. Rdh1 Kf8 25. g5 Nh5 26. Rxh5 gxh5 27. Rxh5 Rxc2 28. Bxc2 Bxd4 29. Bd3 Qc1+ 30. Qxc1 1-0


[Site "https://www.chess.com"]

[Event "Titled Tuesday Blitz March 29 Late 2022"]
[White "Aggelis, Nikolaos"]
[Black "De La Colina, Nicolas"]
[WhiteFideId "4213220"]
[BlackFideId "30946921"]
[WhiteElo "2154"]
[BlackElo "2046"]
[Result "1-0"]
[Round "05"]
[TimeControl "180+1"]
[Date "2022.03.30"]
[WhiteClock "0:00:18"]
[BlackClock "0:00:01"]

1. d4 Nf6 2. g3 g6 3. Bg2 Bg7 4. Nf3 O-O 5. O-O d6 6. b3 c5 7. Bb2 cxd4 8. Nxd4 d5 9. c4 e5 10. Nf3 e4 11. Nd4 dxc4 12. bxc4 Nc6 13. Nxc6 bxc6 14. Nc3 Qe7 15. Qa4 Rd8 16. Rad1 Bd7 17. Qa3 Qe8 18. Qc5 Bf8 19. Qg5 Bg7 20. Na4 h6 21. Qf4 Nh5 22. Qxe4 Qxe4 23. Bxe4 Rac8 24. Bxg7 Kxg7 25. Nc5 Nf6 26. Bf3 Bf5 27. Kg2 h5 28. e4 Bg4 29. e5 Bxf3+ 30. Kxf3 Nh7 31. h4 Kf8 32. e6 Nf6 33. Rfe1 Rxd1 34. Rxd1 fxe6 35. Nxe6+ Ke7 36. Re1 Kf7 37. Ng5+ Kf8 38. Re6 Kg7 39. Re7+ Kg8 40. Rxa7 Rf8 41. Kg2 Ng4 42. f3 Ne3+ 43. Kf2 Nxc4 44. Rc7 Ne5 45. f4 Ng4+ 46. Kg1 Ra8 47. Rxc6 Rxa2 48. Rxg6+ Kf8 49. Rb6 Ne3 50. Ne4 Ng4 51. Rb1 1-0


[Site "https://www.chess.com"]

[Event "Titled Tuesday Blitz March 29 Late 2022"]
[White "Aldokhin, Ivan"]
[Black "Sapunov, Evgeny"]
[WhiteFideId "24115720"]
[BlackFideId "4126661"]
[WhiteElo "2550"]
[BlackElo "2724"]
[Result "1-0"]
[Round "05"]
[TimeControl "180+1"]
[Date "2022.03.30"]
[WhiteClock "0:00:32"]
[BlackClock "0:00:25"]

1. e4 c5 2. Nf3 d6 3. d4 cxd4 4. Nxd4 Nf6 5. Nc3 Nc6 6. Bc4 e6 7. Be3 Be7 8. Qe2 O-O 9. O-O-O d5 10. exd5 exd5 11. Bb3 Re8 12. f3 Bb4 13. Qf2 Bxc3 14. bxc3 a5 15. a4 Ne5 16. Nb5 Neg4 17. fxg4 Nxg4 18. Qf4 Nxe3 19. Rd3 g5 20. Qf2 Ng4 21. Qg3 Be6 22. Nc7 h6 23. Nxa8 Qxa8 24. Rf1 Qc8 25. h3 1-0


[Site "https://www.chess.com"]

[Event "Titled Tuesday Blitz March 29 Late 2022"]
[White "Almagro Mazariegos, Sebastian"]
[Black "Winkels, Marcel"]
[WhiteFideId "2221640"]
[BlackFideId "1003887"]
[WhiteElo "2273"]
[BlackElo "1900"]
[Result "1-0"]
[Round "05"]
[TimeControl "180+1"]
[Date "2022.03.30"]
[WhiteClock "0:00:32"]
[BlackClock "0:00:04"]

1. e4 c5 2. Nf3 d6 3. d4 cxd4 4. Nxd4 Nf6 5. Nc3 a6 6. f3 e5 7. Nb3 Be6 8. Be3 h5 9. Qd2 Nbd7 10. Nd5 Bxd5 11. exd5 Be7 12. c4 Rc8 13. Be2 a5 14. Nxa5 Qc7 15. b4 O-O 16. O-O h4 17. Rfd1 b6 18. Nc6 Nb8 19. Nxe7+ Qxe7 20. Bxb6 Nbd7 21. Bf2 h3 22. g3 e4 23. f4 Rfe8 24. Be3 Nh7 25. Rac1 f6 26. Bg4 Kh8 27. Qe2 Rb8 28. a3 Ra8 29. Rc3 Nb6 30. Qf1 Na4 31. Rc2 g5 32. Qxh3 gxf4 33. gxf4 Rg8 34. Rg2 Nc3 35. Ra1 Rg7 36. Be6 Ne2+ 37. Kh1 Rxg2 38. Qxg2 f5 39. Qxe2 Qf6 40. Rd1 Rxa3 41. Bd4 1-0


[Site "https://www.chess.com"]

[Event "Titled Tuesday Blitz March 29 Late 2022"]
[White "Almedina Ortiz, Edgardo J."]
[Black "Miszler, Levente"]
[WhiteFideId "3100197"]
[BlackFideId "763276"]
[WhiteElo "2217"]
[BlackElo "1966"]
[Result "1-0"]
[Round "05"]
[TimeControl "180+1"]
[Date "2022.03.30"]
[WhiteClock "0:00:19"]
[BlackClock "0:00:06"]

1. d4 d5 2. c4 c6 3. Nf3 Nf6 4. g3 e6 5. Bg2 dxc4 6. Ne5 Nbd7 7. Nxc4 Be7 8. O-O O-O 9. Nc3 b5 10. Bxc6 bxc4 11. Bxa8 Nb6 12. Bg2 Nbd5 13. e4 Nb4 14. Be3 Bd7 15. b3 Qc7 16. bxc4 Qxc4 17. Qb3 Qa6 18. Rfc1 Rb8 19. a3 Nc6 20. Qc2 Na5 21. Na4 Nb3 22. Nc5 Bxc5 23. dxc5 Nxa1 24. Rxa1 Bc6 25. f3 Nd7 26. Bf4 Rc8 27. Bd6 Ba4 28. Qf2 Bb5 29. Qe3 Qa4 30. e5 Bc6 31. Rc1 Bd5 32. h4 Qc6 33. h5 h6 34. Kh2 a5 35. Rc3 Qb5 36. Bf1 Qb2+ 37. Kh3 Nb8 38. Bd3 Nc6 39. Rc2 Qb3 40. f4 a4 41. Rc3 Qa2 42. Bc2 Ra8 43. Qd3 f5 44. exf6 Qa1 45. Qh7+ Kf7 46. Qxg7+ Ke8 47. f7+ Kd7 48. f8=Q+ 1-0


[Site "https://www.chess.com"]

[Event "Titled Tuesday Blitz March 29 Late 2022"]
[White "Al-Tarboush, Ward"]
[Black "Ronka, Erik"]
[WhiteFideId "7601450"]
[BlackFideId "505080"]
[WhiteElo "2276"]
[BlackElo "2264"]
[Result "1-0"]
[Round "05"]
[TimeControl "180+1"]
[Date "2022.03.30"]
[WhiteClock "0:00:13"]
[BlackClock "0:00:01"]

1. e4 c5 2. Nf3 e6 3. d4 cxd4 4. Nxd4 a6 5. Bd3 Qc7 6. O-O Nf6 7. c4 Be7 8. Nc3 O-O 9. Qe2 d6 10. Be3 b6 11. f4 Nbd7 12. b3 Bb7 13. Bf2 Rfe8 14. Rad1 Rad8 15. Nf3 Ng4 16. h3 Nxf2 17. Qxf2 d5 18. Kh1 dxe4 19. Nxe4 Nf6 20. Neg5 Qxf4 21. Qc2 h6 22. Nxf7 Kxf7 23. Bg6+ Kg8 24. Bxe8 Rxe8 25. Nd4 Qg3 26. Rd3 Qe5 27. Nf3 Qc7 28. Re3 Bc5 29. Rc3 e5 30. Qg6 e4 31. Nh4 Qf7 32. Rxf6 Qxf6 33. Qxe8+ Kh7 34. Rc1 e3 35. Qh5 Be7 36. Qf5+ Qxf5 37. Nxf5 Bg5 38. Re1 Be4 39. Nxe3 Bh4 40. Rd1 g5 41. Ng4 Bg3 42. Rd7+ 1-0


[Site "https://www.chess.com"]

[Event "Titled Tuesday Blitz March 29 Late 2022"]
[White "Ambartsumova, Karina"]
[Black "Golubev, Mikhail"]
[WhiteFideId "4166299"]
[BlackFideId "14100983"]
[WhiteElo "2262"]
[BlackElo "2374"]
[Result "1-0"]
[Round "05"]
[TimeControl "180+1"]
[Date "2022.03.30"]
[WhiteClock "0:00:07"]
[BlackClock "0:00:01"]

1. c4 g6 2. Nf3 Bg7 3. g3 e5 4. Nc3 Nc6 5. Bg2 f5 6. d3 d6 7. O-O h6 8. Ne1 Nf6 9. a3 O-O 10. b4 g5 11. b5 Ne7 12. Nc2 f4 13. d4 Qe8 14. dxe5 dxe5 15. Nb4 c6 16. bxc6 bxc6 17. Qd6 Bd7 18. Bb2 Nf5 19. Qc5 Qh5 20. Ne4 Nxe4 21. Bxe4 Qxe2 22. Bc2 fxg3 23. hxg3 Nh4 24. Qe3 Qg4 25. Be4 Nf3+ 26. Bxf3 Rxf3 27. Qd2 Raf8 28. Nc2 Be6 29. Ne3 Qh3 30. Ng2 Bf5 31. Rae1 Re8 32. Qe2 Bg4 33. Qd2 Rf5 34. Re3 Bf3 35. Rxf3 Rxf3 36. Qd6 Rf6 37. Qc7 Rf7 38. Qxc6 Qe6 39. Qe4 Qf5 40. Qe2 Qf3 41. Qc2 Qf5 42. Qc3 Qe6 43. Ne3 e4 44. Qc2 Bxb2 45. Qxb2 Qe5 46. Qc2 Qd4 47. c5 Qd3 48. Rc1 Ref8 49. c6 Qxc2 50. Rxc2 Rc8 51. Nd5 Kf8 52. c7 Rd7 53. Rc5 Kf7 54. Kf1 Ke6 55. Ne3 Rdxc7 56. Ra5 Rc1+ 57. Kg2 R1c7 58. Ra6+ Rc6 59. Rxa7 R8c7 60. Ra4 Rc8 61. Rxe4+ Kf6 62. Ra4 Kg6 63. Ra5 h5 64. a4 Kh6 65. Rb5 Rf6 66. a5 Rcf8 67. Rb2 Ra6 68. Ra2 Rfa8 69. Nc4 Rc6 70. Ne3 Rc5 71. a6 Rc6 72. a7 Rc7 73. Ra6+ Kh7 74. Nd5 Rcxa7 75. Rc6 Rg7 76. Nf6+ Kg6 77. Ng4+ Kf7 78. Ne5+ Kg8 79. Nf3 Kh8 80. Nd4 Kh7 81. Nf5 Rg6 82. Rc7+ Kh8 83. Ne3 Rf6 84. Rc5 Rg6 85. Rf5 Rgg8 86. Rc5 Raf8 87. Rc6 Rg7 88. Rh6+ Rh7 89. Rc6 Rhf7 90. Rc2 Kg7 91. Nd5 Kg6 92. Ne3 Kg7 93. Nd5 Rf5 94. Ne3 Re5 95. Rc7+ Rf7 96. Rc6 Rfe7 97. Rc2 Kh7 98. Rc6 Kg7 99. Rc2 Rf7 100. Rc6 g4 101. Rc4 Rf6 102. Rc7+ Kg6 103. Rc8 Re7 104. Rg8+ Rg7 105. Rc8 Rgf7 106. Rc2 Rf3 107. Nd5 Rd7 108. Nf4+ Rxf4 109. gxf4 Rd3 110. Rc6+ Kf5 111. Rc5+ Kxf4 112. Rxh5 Rd2 113. Rh8 Rc2 114. Rf8+ 1-0


[Site "https://www.chess.com"]

[Event "Titled Tuesday Blitz March 29 Late 2022"]
[White "Arabidze, Meri"]
[Black "Buchenau, Frank"]
[WhiteFideId "13604040"]
[BlackFideId "4604350"]
[WhiteElo "2335"]
[BlackElo "2193"]
[Result "0-1"]
[Round "05"]
[TimeControl "180+1"]
[Date "2022.03.30"]
[WhiteClock "0:00:01"]
[BlackClock "0:00:09"]

1. Nf3 Nf6 2. g3 b6 3. Bg2 Bb7 4. O-O e6 5. c4 Be7 6. Nc3 O-O 7. d3 d5 8. cxd5 Nxd5 9. Bd2 c5 10. a3 Nd7 11. Rb1 Rc8 12. e4 N5f6 13. b4 e5 14. b5 Qc7 15. Nh4 g6 16. f4 Rfd8 17. f5 Nh5 18. fxg6 hxg6 19. Qf3 Rf8 20. Bh6 Ng7 21. Qg4 Nf6 22. Qe2 Qd7 23. Rbd1 Rcd8 24. Kh1 Ng4 25. Bh3 Nf2+ 26. Qxf2 Qxh3 27. Kg1 c4 28. Qf3 cxd3 29. Rxd3 Rxd3 30. Qxd3 Bxh4 31. Qd6 Bxg3 32. hxg3 Qxg3+ 33. Kh1 Qh3+ 34. Kg1 Qxh6 35. Qxe5 Qe3+ 36. Rf2 Re8 37. Qf6 Qg3+ 38. Kf1 Qc7 39. Nd5 Bxd5 40. exd5 Nh5 41. Qf3 Re5 42. d6 Qd7 43. Qc6 Qh3+ 44. Rg2 Rg5 45. d7 Qh1+ 0-1


[Site "https://www.chess.com"]

[Event "Titled Tuesday Blitz March 29 Late 2022"]
[White "Ashiev, Eduard"]
[Black "Zhukov, Maksim"]
[WhiteFideId "4130090"]
[BlackFideId "34181790"]
[WhiteElo "2004"]
[BlackElo "1978"]
[Result "0-1"]
[Round "05"]
[TimeControl "180+1"]
[Date "2022.03.30"]
[WhiteClock "0:00:01"]
[BlackClock "0:00:01"]

1. d4 d5 2. c4 e6 3. Nf3 c6 4. e3 Nf6 5. Bd3 Nbd7 6. O-O dxc4 7. Bxc4 b5 8. Bd3 a6 9. a4 b4 10. Re1 c5 11. e4 cxd4 12. e5 Nd5 13. Bg5 Qb6 14. Nbd2 h6 15. Nc4 Qa7 16. Bh4 Bc5 17. Nfd2 Bb7 18. Ne4 O-O 19. Qh5 Nf4 20. Qf3 Nxd3 21. Qxd3 Rfc8 22. a5 Bd5 23. Ncd6 Rc7 24. Rac1 Nxe5 25. Nf6+ gxf6 26. Qg3+ Kh7 27. Rxe5 Rg8 28. Qd3+ f5 29. Nxf5 Rxg2+ 30. Kf1 Rg6 31. Ng3 Bd6 32. Rxc7 Qxc7 33. Rxd5 exd5 34. Qf5 Qc1+ 35. Kg2 Qf4 36. Qxd5 Re6 37. Qh5 Qd2 0-1


[Site "https://www.chess.com"]

[Event "Titled Tuesday Blitz March 29 Late 2022"]
[White "Barbero Sendic, Alejandro"]
[Black "Fernandez Siles, Luis"]
[WhiteFideId "3001288"]
[BlackFideId "2209420"]
[WhiteElo "2314"]
[BlackElo "2212"]
[Result "0-1"]
[Round "05"]
[TimeControl "180+1"]
[Date "2022.03.30"]
[WhiteClock "0:00:29"]
[BlackClock "0:00:17"]

1. d4 Nf6 2. Nc3 d5 3. Bf4 c5 4. e4 Nxe4 5. Nxe4 dxe4 6. dxc5 Qa5+ 7. Qd2 Qxc5 8. O-O-O Nc6 9. Ne2 e5 10. Be3 Qa5 11. Qxa5 Nxa5 12. Nc3 Bg4 13. Bb5+ Nc6 14. Rd5 f6 15. Nxe4 Be6 16. Rd2 Be7 17. Nd6+ Bxd6 18. Rxd6 Bd7 19. Rhd1 a6 20. Bc4 Bf5 21. g4 Bxg4 22. Rg1 h5 23. f3 Bxf3 24. Rxg7 Rd8 25. Rxf6 Rd1# 0-1


[Site "https://www.chess.com"]

[Event "Titled Tuesday Blitz March 29 Late 2022"]
[White "Barria Zuniga, Daniel"]
[Black "Vovk, Orest"]
[WhiteFideId "3400816"]
[BlackFideId "14113490"]
[WhiteElo "2414"]
[BlackElo "2203"]
[Result "0-1"]
[Round "05"]
[TimeControl "180+1"]
[Date "2022.03.30"]
[WhiteClock "0:00:33"]
[BlackClock "0:01:18"]

1. d4 e5 2. dxe5 Nc6 3. Nf3 Qe7 4. Nc3 Nxe5 5. Nd5 Nxf3+ 6. gxf3 Qd8 7. Bf4 d6 8. Qd4 Be6 9. O-O-O c6 10. Nc3 Qa5 11. Bxd6 O-O-O 12. Qe5 Qxe5 13. Bxe5 Rxd1+ 14. Kxd1 Nf6 15. e3 Be7 16. Bd3 g6 17. Ke2 Rd8 18. h4 Nd5 19. Nxd5 Rxd5 20. Bd4 Rh5 21. f4 b6 22. Be4 c5 23. Be5 Rxh4 24. Rxh4 Bxh4 25. b3 f5 26. Bc6 Bd8 27. c4 Bc7 28. Bd5 Bxd5 29. cxd5 Bd8 30. f3 h5 31. e4 h4 32. Kf2 Kd7 33. Bb8 Bc7 34. Bxc7 Kxc7 35. e5 b5 36. Kg2 c4 37. bxc4 bxc4 38. Kf2 c3 39. Ke3 h3 0-1


[Site "https://www.chess.com"]

[Event "Titled Tuesday Blitz March 29 Late 2022"]
[White "Bluebaum, Matthias"]
[Black "Sarana, Alexey"]
[WhiteFideId "24651516"]
[BlackFideId "24133795"]
[WhiteElo "2550"]
[BlackElo "2666"]
[Result "0-1"]
[Round "05"]
[TimeControl "180+1"]
[Date "2022.03.29"]
[WhiteClock "0:00:05"]
[BlackClock "0:00:19"]

1. b3 Nf6 2. Bb2 d5 3. Nf3 Bf5 4. d3 e6 5. g3 h6 6. Bg2 Be7 7. O-O O-O 8. Nbd2 Bh7 9. Re1 c5 10. Ne5 Nfd7 11. Nxd7 Qxd7 12. e4 Nc6 13. exd5 exd5 14. Qh5 Rad8 15. Nf3 Bg6 16. Qh3 Bf5 17. g4 Bxg4 18. Qg3 d4 19. Rxe7 Nxe7 20. Ne5 Qe6 21. Nxg4 f5 22. Qe5 Qf7 23. Nxh6+ gxh6 24. Qxc5 b6 25. Qe5 Qf6 26. Qg3+ Ng6 27. Bf3 Kh7 28. Kh1 Rg8 29. Re1 Rde8 30. Rf1 Ne5 31. Qf4 Nxf3 32. Qxf3 Rg5 33. h3 Reg8 34. Bc1 R5g6 35. Bf4 Qe6 36. Qb7+ R8g7 37. Qf3 a6 38. Kh2 b5 39. Bg3 b4 40. Qf4 Rd7 41. f3 Rdg7 42. Re1 Qxe1 43. Qxh6+ Kxh6 44. Bf4+ Kh7 45. Bg5 Rxg5 46. h4 Rg2+ 47. Kh3 Qh1# 0-1


[Site "https://www.chess.com"]

[Event "Titled Tuesday Blitz March 29 Late 2022"]
[White "Bordi, Kevin"]
[Black "Gurevich, Dmitry"]
[WhiteFideId "621862"]
[BlackFideId "2000407"]
[WhiteElo "2806"]
[BlackElo "2506"]
[Result "1-0"]
[Round "05"]
[TimeControl "180+1"]
[Date "2022.03.29"]
[WhiteClock "0:00:07"]
[BlackClock "0:00:01"]

1. e4 c5 2. Nf3 d6 3. d4 cxd4 4. Nxd4 Nf6 5. Nc3 Nc6 6. Be2 g6 7. g4 Bg7 8. Be3 h5 9. g5 Ng4 10. Bxg4 hxg4 11. Qd2 Ne5 12. O-O-O Nc4 13. Qe2 Nxe3 14. fxe3 a6 15. Kb1 Bd7 16. Rdf1 Rc8 17. Qf2 Rf8 18. Nd5 Be6 19. Nf4 Qb6 20. Qh4 Bc4 21. Rd1 e5 22. Qh7 Bh8 23. Nfe6 Bxe6 24. Nxe6 fxe6 25. Qxg6+ Kd7 26. Qh7+ Kc6 27. Rd3 Qc7 28. Rhd1 Kb6 29. Rxd6+ Ka7 30. Qxc7 Rxc7 31. Rxe6 Rf2 32. c3 Rxh2 33. Rg1 Rh4 34. g6 Bg7 35. Kc2 Rd7 36. a4 a5 37. Kb3 Kb8 38. Kc4 Kc7 39. Kb5 Rh2 40. b4 Rb2 41. Rxg4 Rb3 42. Rg5 Rxc3 43. Kxa5 Rc6 44. Rxc6+ bxc6 45. Rf5 Kd6 46. Kb6 Rd8 47. Rf7 Rb8+ 48. Rb7 Rg8 49. a5 Bf6 50. a6 Bd8+ 51. Ka7 Rxg6 52. Rb8 Rg7+ 53. Ka8 Rg8 54. a7 Kc7 55. Rb7+ Kc8 56. Rb8+ Kc7 57. Rb7+ Kc8 58. b5 cxb5 59. Rxb5 Bc7 60. Rb8+ Kd7 61. Rxg8 Kc6 62. Rg6+ 1-0


[Site "https://www.chess.com"]

[Event "Titled Tuesday Blitz March 29 Late 2022"]
[White "Brizzi, Milagros Tatiana"]
[Black "Afshar, Niusha"]
[WhiteFideId "128350"]
[BlackFideId "12509892"]
[WhiteElo "1844"]
[BlackElo "1862"]
[Result "1-0"]
[Round "05"]
[TimeControl "180+1"]
[Date "2022.03.30"]
[WhiteClock "0:01:50"]
[BlackClock "0:01:19"]

1. e4 c5 2. Nf3 Nc6 3. d3 e6 4. g3 d5 5. Nbd2 Nge7 6. Bg2 Ng6 7. O-O Be7 8. c3 O-O 9. Re1 Qc7 10. h4 Nge5 11. Nxe5 Nxe5 12. d4 cxd4 13. cxd4 Nc4 14. exd5 exd5 15. Bxd5 Nxd2 16. Bxd2 Bf6 17. Be3 Rd8 18. Qb3 Rb8 19. Bf4 Qd7 20. Bxb8 1-0


[Site "https://www.chess.com"]

[Event "Titled Tuesday Blitz March 29 Late 2022"]
[White "Bryakin, Mikhail"]
[Black "Sanchez, Robert"]
[WhiteFideId "4165314"]
[BlackFideId "2034360"]
[WhiteElo "2417"]
[BlackElo "2285"]
[Result "1-0"]
[Round "05"]
[TimeControl "180+1"]
[Date "2022.03.30"]
[WhiteClock "0:02:10"]
[BlackClock "0:00:22"]

1. e4 e6 2. d4 d5 3. e5 c5 4. c3 Nc6 5. Nf3 Bd7 6. Be2 Nge7 7. O-O Nf5 8. a3 c4 9. g3 Na5 10. Nbd2 h5 11. h4 Be7 12. Kg2 g5 13. hxg5 h4 14. g4 h3+ 15. Kh2 Nh4 16. Nxh4 Rxh4 17. f4 Qb6 18. Nf3 Rh8 19. Rb1 O-O-O 20. Be3 Bb5 21. f5 Rdg8 22. f6 Bd8 23. Qc2 Qc6 24. Rg1 Ba4 25. Qd2 Nb3 26. Qe1 b5 27. Rg3 a5 28. Rxh3 Rxh3+ 29. Kxh3 Rh8+ 30. Kg2 Qe8 31. Qf2 Qg8 32. Rh1 Rxh1 33. Kxh1 Qg6 34. Bf1 b4 35. axb4 axb4 36. cxb4 Qb1 37. Kg2 Bb5 38. Nh4 Bb6 39. g6 c3 40. bxc3 1-0


[Site "https://www.chess.com"]

[Event "Titled Tuesday Blitz March 29 Late 2022"]
[White "Burke, Paul"]
[Black "Jarocka, Liwia"]
[WhiteFideId "2605767"]
[BlackFideId "21807558"]
[WhiteElo "1863"]
[BlackElo "1896"]
[Result "0-1"]
[Round "05"]
[TimeControl "180+1"]
[Date "2022.03.30"]
[WhiteClock "0:02:25"]
[BlackClock "0:02:21"]

1. e4 c5 2. d4 cxd4 3. c3 dxc3 4. Nxc3 Nc6 5. Nf3 d6 6. Bc4 e6 7. O-O a6 8. a3 Be7 9. Qe2 Nf6 10. Rd1 Qc7 11. Bg5 O-O 12. Rac1 h6 13. Bh4 Bd7 14. Ba2 Rac8 15. Nd5 exd5 16. exd5 Rfe8 17. dxc6 Bxc6 18. Bb1 Bxf3 19. Qxf3 Qxc1 20. Bxf6 Bxf6 21. Qd3 Re1+ 0-1


[Site "https://www.chess.com"]

[Event "Titled Tuesday Blitz March 29 Late 2022"]
[White "Cervantes Landeiro, Thalia"]
[Black "Tregubov, Pavel V."]
[WhiteFideId "3520498"]
[BlackFideId "4115341"]
[WhiteElo "2021"]
[BlackElo "2341"]
[Result "1/2-1/2"]
[Round "05"]
[TimeControl "180+1"]
[Date "2022.03.30"]
[WhiteClock "0:00:03"]
[BlackClock "0:00:06"]

1. d4 Nf6 2. c4 e6 3. Nf3 Bb4+ 4. Nbd2 O-O 5. a3 Be7 6. e4 d6 7. Bd3 e5 8. O-O exd4 9. Nxd4 Re8 10. b4 a5 11. Bb2 Nfd7 12. N2f3 Bf6 13. Qc2 Nc6 14. Nxc6 bxc6 15. Rad1 axb4 16. axb4 Bb7 17. c5 Qe7 18. Bxf6 Qxf6 19. Rfe1 g6 20. Rc1 Ra3 21. Bc4 Rea8 22. Qe2 R3a4 23. Qd2 Ba6 24. Bxa6 R8xa6 25. cxd6 cxd6 26. Red1 Ne5 27. Qxd6 Nxf3+ 28. gxf3 Qxf3 29. Qd8+ Kg7 30. Qd4+ f6 31. Qd7+ Kh6 32. Qd2+ g5 33. Qd4 Ra2 34. Rd3 Qg4+ 35. Rg3 Qf4 36. Rf1 Rd2 37. Rh3+ Kg6 38. Qc4 Ra7 39. Qg8+ Rg7 40. Qe8+ Rf7 41. Qg8+ Rg7 42. Qe8+ Rf7 43. Qg8+ Rg7 1/2-1/2


[Site "https://www.chess.com"]

[Event "Titled Tuesday Blitz March 29 Late 2022"]
[White "Curtis, John"]
[Black "Dylag, Emilia"]
[WhiteFideId "3200256"]
[BlackFideId "21805172"]
[WhiteElo "2203"]
[BlackElo "1932"]
[Result "1-0"]
[Round "05"]
[TimeControl "180+1"]
[Date "2022.03.30"]
[WhiteClock "0:00:09"]
[BlackClock "0:00:20"]

1. d4 d5 2. Nf3 Bg4 3. c4 e6 4. Qd2 Nf6 5. Nc3 Bb4 6. Qf4 dxc4 7. Ne5 Bh5 8. Nxc4 Nc6 9. Bd2 Qxd4 10. Qxd4 Nxd4 11. Rc1 O-O 12. f3 Rfd8 13. e3 Nc6 14. Nb5 Bxd2+ 15. Nxd2 a6 16. Nc3 Nb4 17. e4 Nd3+ 18. Bxd3 Rxd3 19. Ke2 Rad8 20. Nb3 b6 21. g4 Bg6 22. h4 h5 23. g5 Ne8 24. Rhd1 Rxd1 25. Nxd1 Rxd1 26. Kxd1 Nd6 27. Rxc7 f6 28. Rc6 Nf7 29. gxf6 gxf6 30. Rxe6 Kg7 31. f4 Nd8 32. Rd6 Nf7 33. Rxb6 Bxe4 34. Nd2 Bd3 35. Rb7 Kg6 36. Rb3 Bb5 37. Rb4 Kf5 38. Ne4 a5 39. Ng3+ Kg4 40. Rxb5 Kxg3 41. Rxh5 Kxf4 42. Rxa5 Kg4 43. h5 f5 44. Rxf5 Kxf5 45. a4 Nd6 46. b4 Kg5 47. Ke2 Kxh5 48. Ke3 Kg6 49. Kd4 Kf7 50. Kd5 Ke7 51. Kc6 Nc4 52. Kc7 Ke8 53. b5 Na5 54. b6 Ke7 55. b7 Nxb7 56. Kxb7 1-0


[Site "https://www.chess.com"]

[Event "Titled Tuesday Blitz March 29 Late 2022"]
[White "Denishev, Marat"]
[Black "Samarth, J Rao"]
[WhiteFideId "24131563"]
[BlackFideId "46652370"]
[WhiteElo "2197"]
[BlackElo "1514"]
[Result "1-0"]
[Round "05"]
[TimeControl "180+1"]
[Date "2022.03.30"]
[WhiteClock "0:00:14"]
[BlackClock "0:00:19"]

1. e4 c5 2. Nf3 d6 3. Bb5+ Nd7 4. O-O Nf6 5. Re1 a6 6. Bxd7+ Bxd7 7. c4 e5 8. Nc3 g6 9. d3 Bg7 10. Bg5 h6 11. Bh4 g5 12. Bg3 b5 13. Nd2 b4 14. Nd5 Nxd5 15. cxd5 O-O 16. Nc4 Qc7 17. Qh5 a5 18. h4 f6 19. Rac1 Be8 20. Qe2 Qe7 21. Ne3 Bd7 22. Qf3 g4 23. Qe2 h5 24. Nf5 Bxf5 25. exf5 Bh6 26. Rc4 Qb7 27. Qe4 Kh7 28. f4 gxf3 29. Qxf3 Rg8 30. Kh2 Qf7 31. Bf2 Bf4+ 32. Rxf4 exf4 33. Re6 Rg4 34. Qe2 Kh6 35. g3 Rag8 36. Kh3 Qg7 37. Qf3 fxg3 38. Be3+ Kh7 39. Kg2 Rxh4 40. Bf4 Rh2+ 41. Kg1 Rf2 42. Qxh5+ 1-0


[Site "https://www.chess.com"]

[Event "Titled Tuesday Blitz March 29 Late 2022"]
[White "Derraugh, Geordie"]
[Black "Rytenko, Vsevolod"]
[WhiteFideId "2603950"]
[BlackFideId "14133040"]
[WhiteElo "2116"]
[BlackElo "2120"]
[Result "0-1"]
[Round "05"]
[TimeControl "180+1"]
[Date "2022.03.30"]
[WhiteClock "0:00:07"]
[BlackClock "0:00:13"]

1. e4 c5 2. Nf3 d6 3. Bb5+ Nc6 4. Bxc6+ bxc6 5. O-O e5 6. c3 Nf6 7. Re1 Be7 8. d4 cxd4 9. cxd4 Qc7 10. Qc2 O-O 11. Nc3 Bg4 12. dxe5 dxe5 13. Nd2 Rfd8 14. Nc4 Be6 15. Ne2 Bb4 16. Rf1 Nd7 17. b3 Nb6 18. Ne3 a5 19. Ng3 a4 20. bxa4 Rxa4 21. Bb2 Rd2 22. Qc1 Rd3 23. a3 Bd2 24. Qc2 Qd7 25. Bxe5 Bb3 26. Qb1 Bxe3 27. fxe3 Nc4 28. Bd4 Rxd4 29. exd4 Qxd4+ 30. Kh1 Nd2 31. Nf5 Qc3 32. Qc1 Qxc1 33. Rfxc1 Nxe4 34. Rxc6 Be6 35. Ne3 h5 36. Rb6 Ra5 37. Rb4 Re5 38. Nc4 Rc5 39. Nb6 Nf2+ 40. Kg1 Nd3 41. Rd4 Nc1 42. Rd1 Nb3 43. Rab1 Rc2 44. Nd5 Nd2 45. Rb8+ Kh7 46. Nf4 Bg4 47. Re1 g5 48. Nd5 Kg7 49. Ne3 Ra2 50. Nxg4 hxg4 51. Rb5 f6 52. Ra5 Nc4 53. Ra7+ Kg6 54. a4 f5 55. Rc1 Ne5 56. a5 f4 57. a6 Nd3 58. Rc6+ Kf5 59. Rf7+ Ke5 60. Re7+ Kd5 61. Rd7+ Kxc6 62. Rxd3 Rxa6 63. Kf2 Ra2+ 64. Kf1 Kc5 65. h3 g3 66. Rd1 Rf2+ 67. Kg1 Kc4 68. Rd8 Kc3 69. Rc8+ Kd3 70. Rd8+ Ke4 71. Re8+ Kf5 72. Re1 Rb2 73. Rc1 g4 74. hxg4+ Kxg4 75. Kf1 Rf2+ 76. Kg1 Ra2 77. Kf1 Ra4 78. Kg1 Rd4 79. Re1 Kf5 80. Rb1 Ke4 81. Rf1 Ke3 82. Rf3+ Ke4 83. Rf1 Ke3 84. Rf3+ Ke2 85. Rf1 Rd1 86. Rxd1 Kxd1 87. Kf1 Kd2 88. Kg1 Ke2 89. Kh1 f3 90. gxf3 Kf2 0-1


[Site "https://www.chess.com"]